 Dungeon Crawl Stone Soup version 0.30-a0-715-gdb4ae3ece1 (webtiles) character file.

Game seed: 3492189655471922897

4417 Thecursedkatanna the Blocker (level 10, -3/91 HPs)
             Began as a Minotaur Fighter on Jan 24, 2023.
             Was a Priest of Okawaru.
             Slain by an enormous slime creature (11 damage)
             ... on level 10 of the Dungeon.
             The game lasted 00:53:46 (8698 turns).

Thecursedkatanna the Blocker (Minotaur Fighter)     Turns: 8698, Time: 00:53:47

Health: -3/91      AC: 19    Str: 26    XL:     10   Next: 14%
Magic:  11/11      EV:  9    Int:  5    God:    Okawaru [***...]
Gold:   165        SH:  6    Dex:  9    Spells: 9/9 levels left

rFire   + + +      SeeInvis .    F - +3 falchion "Siteg" {flame, rPois rF++ Will- Stlth+}
rCold   . . .      Faith    +    c - +0 buckler
rNeg    . . .      Spirit   .    B - +7 Kryia's mail coat {PotionHeal*2 rC+}
rPois   +          Reflect  .    (helmet restricted)
rElec   .          Harm     .    R - scarf {repulsion}
rCorr   .          Rampage  .    Y - +0 pair of gloves
Will    .....                    K - +1 pair of boots
Stlth   +                        x - amulet of faith
HPRegen 0.35/turn                r - ring of fire
MPRegen 0.12/turn                (no ring)

@: repel missiles
A: horns 2, retaliatory headbutt
a: Renounce Religion, Heroism


You were on level 10 of the Dungeon.
You worshipped Okawaru.
Okawaru was most pleased with you.
You visited 1 branch of the dungeon, and saw 10 of its levels.
You also visited: Sewer.

You collected 405 gold pieces.
You spent 240 gold pieces at shops.

Inventory:

Hand Weapons
 a - a +0 war axe
 p - a +1 vampiric falchion
 z - a +4 whip
 F - the +3 falchion "Siteg" (weapon) {flame, rPois rF++ Will- Stlth+}
   (You found it on level 3 of the Dungeon)

   rF:        It greatly protects you from fire.
   rPois:     It protects you from poison.
   Will:      It decreases your willpower.
   Stlth:     It makes you more stealthy.
 G - the +2 Maxwell's thermic engine {flame, freeze}
   (You found it on level 3 of the Dungeon)

   It becomes more effective when it hits something.
   This effect fades over time.
 P - a +2 short sword of speed
Missiles
 i - 2 javelins
 E - 44 poisoned darts
 J - 7 boomerangs (quivered)
Armour
 b - a +0 scale mail
 c - a +0 buckler (worn)
 g - a +0 pair of boots
 t - a +0 plate armour
 B - the +7 Kryia's mail coat (worn) {PotionHeal*2 rC+}
   (You found it on level 3 of the Dungeon)

   PotionHeal*2: Potions heal its wearer twice as much.
   rC:        It protects you from cold.
 K - a +1 pair of boots (worn)
 M - the +2 robe of Hide-and-Seek {Rampage}
   (You found it on level 4 of the Dungeon)

   Rampage:   It bestows one free step when moving towards enemies.
 R - a scarf of repulsion (worn)
 S - a +2 robe of fire resistance
 Y - a +0 pair of gloves (worn)
Jewellery
 r - a ring of fire (left hand)
 x - an amulet of faith (around neck)
 W - the ring "Uko Nobb" {Ice *Corrode rElec rPois MP+9}
   (You found it on level 6 of the Dungeon)

   [ring of ice]

   It enhances your ice magic.
   rF:        It makes you vulnerable to fire.
   rC:        It protects you from cold.
   rElec:     It insulates you from electricity.
   rPois:     It protects you from poison.
   MP:        It affects your magic capacity (+9).
   *Corrode:  It may corrode you when you take damage.
 Z - a ring of poison resistance
Wands
 l - a wand of roots (6)
Scrolls
 e - 2 scrolls of enchant armour
 f - 4 scrolls of blinking {unknown}
 h - 3 scrolls of poison
 k - 2 scrolls of vulnerability
 m - 2 scrolls of magic mapping {unknown}
 q - 4 scrolls of immolation
 s - 4 scrolls of teleportation
 v - 4 scrolls of amnesia
 w - 2 scrolls of fog {unknown}
 y - 2 scrolls of acquirement {unknown}
 A - a scroll of brand weapon {unknown}
 C - 3 scrolls of enchant weapon
 D - 2 scrolls of noise
 Q - 3 scrolls of butterflies
 T - a scroll of silence {unknown}
Potions
 d - 2 potions of might
 j - 3 potions of degeneration
 n - 4 potions of haste
 o - a potion of berserk rage
 u - a potion of flight {unknown}
 H - 3 potions of mutation
 I - 2 potions of heal wounds {unknown}
 L - a potion of cancellation {unknown}
 N - a potion of magic
 O - a potion of invisibility {unknown}
 V - a potion of attraction {unknown}
 X - a potion of lignification {unknown}


   Skills:
 + Level 9.4 Fighting
 + Level 8.9 Axes
 + Level 9.4 Armour
 + Level 9.4 Shields
 + Level 3.2 Invocations


You had 9 spell levels left.
You didn't know any spells.
Your spell library contained the following spells:

 Spells                   Type           Power      Damage    Failure   Level
 Necrotise                Necr           0%         1d4       78%         1
 Slow                     Hex            0%         N/A       78%         1
 Blink                    Tloc           0%         N/A       89%         2
 Lesser Beckoning         Tloc           0%         N/A       89%         2
 Momentum Strike          Conj/Tloc      0%         3d8       89%         2
 Confusing Touch          Hex            0%         N/A       98%         3
 Dazzling Flash           Conj/Hex       0%         N/A       98%         3
 Gell's Gravitas          Tloc           0%         N/A       98%         3
 Ignite Poison            Fire/Tmut/Pois 0%         N/A       98%         3
 Kindle Blastsparks       Fire/Tloc/Air  0%         2d10      98%         3
 Teleport Other           Tloc           0%         N/A       98%         3
 Vampiric Draining        Necr           0%         2d6       98%         3
 Iskenderun's Mystic Bla  Conj/Tloc      0%         2d3       100%        4
 Agony                    Necr           0%         N/A       100%        5
 Freezing Cloud           Conj/Ice/Air   0%         6-21      100%        5
 Starburst                Conj/Fire      0%         6d3       100%        6


Dungeon Overview and Level Annotations

Branches:
Dungeon (11/15)            Temple (0/1) D:6           Sewer (visited)
   Lair: D:8-11         Orc: D:9-12

Altars:
Cheibriados
Dithmenos
Kikubaaqudgha
Okawaru
Ru
Zin

Shops:
D:2 (   D:10 (*   D:11 ?


Innate Abilities, Weirdness & Mutations

You have a pair of horns on your head.
You reflexively headbutt those who attack you in melee.


Message History

You hit the very large slime creature. You burn the very large slime creature.
You headbutt the very large slime creature.
The very large slime creature is lightly wounded.
A large slime creature splits.
You hit the very large slime creature. You burn the very large slime creature.
The very large slime creature is lightly wounded.
The slime creature barely misses you.
Two slime creatures merge to form an enormous slime creature.
The slime creature hits you but does no damage.
You block the slime creature's attack.
You hit the enormous slime creature but do no damage.
You headbutt the enormous slime creature!
The enormous slime creature is lightly wounded.
The slime creature hits you. x2
You hit the enormous slime creature. You burn the enormous slime creature.
You headbutt the enormous slime creature!
The enormous slime creature is lightly wounded.
The slime creature hits you but does no damage.
The enormous slime creature hits you but does no damage.
The slime creature hits you but does no damage.
The slime creature hits you!
You completely miss the enormous slime creature.
You headbutt the enormous slime creature.
The enormous slime creature is lightly wounded.
The enormous slime creature closely misses you.
You furiously retaliate!
You headbutt the enormous slime creature!
You block the slime creature's attack. The slime creature hits you. x2
The enormous slime creature hits you!!
You slash the enormous slime creature! You burn the enormous slime creature.
The enormous slime creature is moderately wounded.
The slime creature closely misses you. The enormous slime creature hits you!!
* * * LOW HITPOINT WARNING * * *
The slime creature hits you but does no damage.
The slime creature hits you.
* * * LOW HITPOINT WARNING * * *
Two slime creatures merge to form a large slime creature.
The enormous slime creature attacks as you move away!
The enormous slime creature hits you!
You die...

#.##.##)# #.##.##)#
#...... #.##.##.#
#.#...## # #.......#
#......#.# ####.####
#........# #.###
#........# #.#.##
#.....[..#
.###....########.J....#!#
.'..............@J.......
.####...###########...###
##..# ..# ##.# .# #.# #
##.# #..# #.## #.#


You could see an enormous slime creature and a large slime creature.

Vanquished Creatures
  A cyclops (D:11)
  A komodo dragon (D:11)
  A shadow (D:10)
  A water elemental (D:11)
  3 wraiths
  A vampire (D:10)
  A steam dragon (D:7)
  Duvessa (D:5)
  2 black bears
  2 ice beasts
  An orc warrior (D:7)
  2 ogres
  3 phantoms
  7 kobold brigands
  4 scorpions
  A gnoll sergeant (D:10)
  Dowan (D:5)
  3 howler monkeys (D:11)
  A lava snake (D:7)
  3 hounds
  A gnoll bouda (D:3)
  2 orc priests
  3 jellies
  3 iguanas
  Natasha (thrice) (D:4)
  An orc wizard (D:5)
  A mummy (D:6)
  Robin (D:4)
  10 adders
  13 gnolls
  A shadow imp (D:7)
  2 ufetubi
  6 worms
  5 dart slugs
  9 orcs
  17 ball pythons
  7 endoplasms
  4 giant cockroaches
  14 goblins
  12 hobgoblins
  24 kobolds
  4 quokkas
  3 bats (D:1)
  3 frilled lizards
  12 rats
201 creatures vanquished.

Vanquished Creatures (others)
  23 plants
23 creatures vanquished.

Grand Total: 224 creatures vanquished

Notes
Turn   | Place    | Note
-------+----------+-------------------------------------------
     0 | D:1      | Thecursedkatanna the Minotaur Fighter began the quest for
                  | the Orb.
     0 | D:1      | Reached XP level 1. HP: 19/19 MP: 0/0
    49 | D:1      | Reached XP level 2. HP: 27/27 MP: 1/1
   593 | D:1      | Reached XP level 3. HP: 33/33 MP: 2/2
  1083 | D:2      | Found Noedis's Weapon Shop.
  1091 | D:2      | Reached XP level 4. HP: 41/41 MP: 3/3
  1473 | D:3      | Found a glowing silver altar of Zin.
  1603 | D:3      | Found the +7 Kryia's mail coat {PotionHeal*2 rC+}
  1888 | D:3      | Reached XP level 5. HP: 39/47 MP: 4/4
  1916 | D:3      | Found the +3 crown of Dyrovepreva {rElec Int+2 SInv}
  1933 | D:3      | Found a faded altar of an unknown god.
  2110 | D:3      | Identified the +3 falchion "Siteg" {flame, rPois rF++ Will-
                  | Stlth+}
  2122 | D:3      | Found an ancient bone altar of Kikubaaqudgha.
  2187 | D:3      | Found the +2 Maxwell's thermic engine {flame, freeze}
  2216 | D:3      | Reached skill level 5 in Fighting
  2216 | D:3      | Reached skill level 5 in Armour
  2432 | D:4      | Noticed Natasha
  2436 | D:4      | Killed Natasha
  2437 | D:4      | Reached skill level 5 in Shields
  2602 | D:4      | Noticed Robin
  2621 | D:4      | Reached XP level 6. HP: 37/56 MP: 5/5
  2627 | D:4      | Killed Robin
  2827 | D:4      | Identified the +2 robe of Hide-and-Seek {Rampage}
  2906 | D:4      | Found a glowing drain.
  2913 | Sewer    | Entered a sewer
  3497 | Sewer    | Reached skill level 5 in Axes
  3497 | Sewer    | Reached XP level 7. HP: 62/62 MP: 6/6
  3632 | D:4      | Found a sacrificial altar of Ru.
  3846 | D:4      | Noticed Natasha
  3854 | D:4      | Killed Natasha
  4091 | D:4      | Noticed Natasha
  4095 | D:4      | Killed Natasha
  4133 | D:5      | Entered Level 5 of the Dungeon
  4140 | D:5      | Noticed Duvessa
  4140 | D:5      | Noticed Dowan
  4150 | D:5      | Killed Duvessa
  4160 | D:5      | Killed Dowan
  4161 | D:5      | Reached XP level 8. HP: 52/71 MP: 7/7
  4271 | D:5      | Found a shadowy altar of Dithmenos.
  4592 | D:5      | Found an iron altar of Okawaru.
  5212 | D:5      | Became a worshipper of Warmaster Okawaru
  5327 | D:6      | Identified the ring "Uko Nobb" {Ice *Corrode rElec rPois
                  | MP+9}
  5432 | D:6      | Reached XP level 9. HP: 73/81 MP: 8/8
  5480 | D:6      | Found a staircase to the Ecumenical Temple.
  5983 | D:6      | Found a snail-covered altar of Cheibriados.
  6126 | D:7      | Reached * piety under Okawaru
  6408 | D:7      | Reached skill level 1 in Invocations
  7212 | D:8      | Noticed a two-headed ogre
  7214 | D:8      | You fall into a shaft and drop 3 floors!
  7349 | D:11     | Noticed a cyclops
  7395 | D:11     | Noticed a komodo dragon
  7401 | D:11     | Killed a komodo dragon
  7401 | D:11     | Reached ** piety under Okawaru
  7576 | D:11     | Found Litig's Magic Scroll Shop.
  7577 | D:11     | Noticed a cyclops
  7588 | D:11     | Killed a cyclops
  7588 | D:11     | Reached *** piety under Okawaru
  7600 | D:11     | Bought a scroll of butterflies for 40 gold pieces
  7600 | D:11     | Bought a scroll of noise for 10 gold pieces
  7600 | D:11     | Bought a scroll of fear for 40 gold pieces
  7600 | D:11     | Bought a scroll of enchant armour for 75 gold pieces
  7600 | D:11     | Bought a scroll of enchant weapon for 75 gold pieces
  7684 | D:10     | Entered Level 10 of the Dungeon
  7737 | D:10     | Found Zaosmun's Neck Hole.
  7786 | D:10     | Received a gift from Okawaru
  7787 | D:10     | Reached XP level 10. HP: 26/91 MP: 11/11
  8170 | D:10     | Found Ucoest's Antique Weapon Shop.
  8698 | D:10     | Slain by an enormous slime creature

Illustrated notes

Levels and vault maps discovered:
D:1:      mrwooster_arrival_statue_2, layout_basic
D:2:      kennysheep_six_static_rooms, layout_basic, serial_shops,
          nicolae_shop_bloodbath_and_beyond
D:3:      layout_basic, mainiacjoe_overflow_big_doors,
          nicolae_ecumenical_lake_church, nicolae_grassy_gnolls
D:4:      layout_basic, nicolae_ru_awakened_eye, lightli_sewer_entry_pipes,
          uniq_robin, uniq_natasha
D:5:      layout_gridville, okawaru_altar_gauntlet_db,
          nicolae_dithmenos_shadow_blocks, uniq_duvessa
D:6:      layout_loops_ring, slow_altar_2, minmay_temple_entry_purple_smoke,
          hangedman_abyss_or_decor_passed
D:7:      layout_basic, kennysheep_flooded_box
D:8:      layout_basic
D:10:     dragon1_lemuel, layout_loops_corners, lemuel_coloured_pillars_altar,
          serial_shops, nicolae_diamond_shop, nicolae_shop_sticking_my_neck_out
D:11:     layout_loops_corners, serial_shops, nicolae_shop_advertising_works
          [nicolae_subvault_shop_adworks], chequers_big_river

Skill      XL: |  1  2  3  4  5  6  7  8  9 10 |
---------------+-------------------------------+-----
Fighting       | 4 5 6 7 9 |  9.4
Armour         | 4 5 6 7 9 |  9.4
Shields        | 4 5 6 7 9 |  9.4
Axes           | 3 4 5 6 7 8 |  8.9
Invocations    | 2 3 |  3.2

Action                     |  1- 3 |  4- 6 |  7- 9 | 10-12 || total
---------------------------+-------+-------+-------+-------++-------
  Melee: War axe           |    69 |       |       |       ||    69
         Headbutt          |     8 |    19 |    58 |    16 ||   101
         Falchion          |    27 |   176 |   291 |    55 ||   549
  Throw: Javelin           |       |       |     5 |       ||     5
         Dart              |       |       |     3 |       ||     3
         Boomerang         |       |       |     1 |     3 ||     4
    Use: Potion            |     2 |     2 |     5 |     1 ||    10
         Scroll            |     4 |     1 |     6 |       ||    11
 Armour: Scale mail        |    54 |   115 |   223 |    51 ||   443
         Plate armour      |     5 |    11 |       |       ||    16
  Dodge: Dodged            |    53 |    98 |   135 |    31 ||   317
         Repelled          |       |       |     4 |       ||     4
  Block: Buckler           |    14 |    48 |    72 |    16 ||   150

Table legend: (Time is in decaauts)
 A = Elapsed time spent in this place.
 B = Non-inter-level travel time spent in this place.
 C = Inter-level travel time spent in this place.
 D = Time resting spent in this place.
 E = Time spent auto-exploring this place.
 F = Levels seen in this place.
 G = Mean time per level.
                   A        B        C        D        E       F      G
               +--------+--------+--------+--------+--------+-----+--------+
         Total |   9209 |   7900 |   1309 |      0 |   5945 |  11 |  837.2 |
       Dungeon |   8275 |   6966 |   1309 |      0 |   5422 |  10 |  827.5 |
         Sewer |    934 |    934 |      0 |      0 |    523 |   1 |  934.0 |
               +--------+--------+--------+--------+--------+-----+--------+

Top non-repeatable levels by time:
     D:5: 1222 daAuts
     D:4: 1158 daAuts
     D:7: 1133 daAuts
    D:10: 1081 daAuts
   Sewer: 934 daAuts
     D:3: 903 daAuts
     D:2: 803 daAuts
     D:6: 744 daAuts
     D:1: 697 daAuts
    D:11: 483 daAuts
     D:8: 45 daAuts
